 Dungeon Crawl Stone Soup version 0.19.4-12-gccf7e64 (webtiles) character file.

24936 Kosschaser the Brawler (level 12, -6/113 HPs)
             Began as a Troll Monk on Feb 26, 2017.
             Was an Elder of Nemelex Xobeh.
             Mangled by an acid blob (25 damage)
             ... on level 1 of the Pits of Slime on Feb 27, 2017.
             The game lasted 00:56:23 (13210 turns).

Kosschaser the Brawler (Troll Monk)                Turns: 13210, Time: 00:56:24

Health: -6/113     AC:  8    Str: 26    XL:     12   Next: 85%
Magic:  14/14      EV: 13    Int:  6    God:    Nemelex Xobeh [****..]
Gold:   532        SH:  0    Dex: 14    Spells: 0 memorised, 11 levels left

rFire  . . .     SeeInvis .       - Unarmed
rCold  + . .     Gourm    +     T - +2 troll leather armour
rNeg   . . .     Faith    .     (no shield)
rPois  .         Spirit   .     (helmet restricted)
rElec  .         Reflect  .     F - +1 cloak
rCorr  +         Harm     +     (gloves unavailable)
MR     .....                    (boots unavailable)
Stlth  ++........               e - amulet of harm
                                P - ring of resist corrosion
                                R - ring of protection from cold

@: corroded
A: unfitting armour, claws 3, horns 1, agile 1, blurry vision 1, fast metabolism
3, gourmand, high mp 1, regeneration 1, shaggy fur 1, tough skin 2, no device
heal 1, subdued magic 1
a: Triple Draw, Deal Four, Renounce Religion


You were on level 1 of the Pits of Slime.
You worshipped Nemelex Xobeh.
Nemelex Xobeh was greatly pleased with you.
You were very full.

You visited 4 branches of the dungeon, and saw 18 of its levels.
You also visited: Sewer.

You collected 847 gold pieces.
You spent 315 gold pieces at shops.

Inventory:

Missiles
 a - 4 large rocks (quivered)
 d - 533 stones
Armour
 F - a +1 cloak (worn)
 T - a +2 troll leather armour (worn)
 V - a +0 robe of resistance
Rods
 U - a +5 lightning rod (17/17)
   (You found it on level 10 of the Dungeon)
Jewellery
 e - an amulet of harm (around neck)
 M - an uncursed amulet of rage
 P - a ring of resist corrosion (right claw)
 R - a ring of protection from cold (left claw)
 Z - an uncursed ring of flight
Wands
 z - a wand of iceblast (4/15)
 D - a wand of digging (9/24)
 E - a wand of iceblast (14/15)
 G - a wand of digging (9/24)
 H - a wand of confusion (36/48)
 I - a wand of polymorph (17/24)
 L - a wand of paralysis (8/24)
 O - a wand of slowing (43/48)
 Q - a wand of enslavement (6/24)
 S - a wand of paralysis (16/24)
 Y - a wand of lightning (8/15)
Scrolls
 c - 5 scrolls of teleportation
 f - 7 scrolls of remove curse
 h - 2 scrolls of enchant weapon
 i - 2 scrolls of amnesia
 m - 3 scrolls of fog
 p - 2 scrolls of magic mapping
 q - 3 scrolls of blinking
 t - a scroll of brand weapon {unknown}
 v - a scroll of noise {unknown}
 y - 6 scrolls of fear
Potions
 j - 6 potions of heal wounds
 l - 2 potions of cure mutation {unknown}
 n - 3 potions of degeneration {unknown}
 o - 4 potions of might {unknown}
 r - 5 potions of flight {unknown}
 s - 10 potions of curing {unknown}
 w - a potion of cancellation {unknown}
 A - a potion of resistance
 C - 2 potions of magic {unknown}
 K - 5 potions of agility {unknown}
 N - 2 potions of berserk rage {unknown}
 X - 2 potions of haste {unknown}
Miscellaneous
 g - an ornate deck of escape
 k - a plain deck of summoning {drawn: 3}
 W - a plain deck of escape {drawn: 1}
Comestibles
 b - 16 bread rations
 u - 5 meat rations
 x - 7 beef jerkies
 B - 12 royal jellies
 J - 17 fruits


   Skills:
 + Level 5.8 Fighting
 + Level 3.2 Throwing
 + Level 4.7 Armour
 + Level 7.1 Dodging
 + Level 4.2 Stealth
 + Level 15.8 Unarmed Combat
 + Level 1.1 Invocations
 + Level 2.9 Evocations


You had 11 spell levels left.
You didn't know any spells.

Dungeon Overview and Level Annotations

Branches:
Dungeon (11/15)            Temple (1/1) D:5            Lair (5/6) D:9
 Shoals (0/4) Lair:4        Snake (0/4) Lair:4        Slime (1/5) Lair:5
    Orc: D:9-12

Altars:
Ashenzari
Cheibriados
Dithmenos
Elyvilon
Fedhas
Gozag
Hepliaklqana
Kikubaaqudgha
Makhleb
Nemelex Xobeh
Okawaru
Qazlal
Ru
Sif Muna
Trog
Uskayaw
Vehumet
Xom
Yredelemnul
Zin
The Shining One

Shops:
D:4 (*[[   D:5 %   D:7 (   D:10 (


Innate Abilities, Weirdness & Mutations

You are too large for most types of armour.
You have claws for hands.
Your metabolism is lightning-fast.
You like to eat raw meat.
Your natural rate of healing is unusually fast.
You are covered in fur. (AC +1)
You have very tough skin. (AC +2)
You have a pair of small horns on your head.
You are agile. (Dex +2)
Scrolls take you a little longer to read.
You have an increased reservoir of magic. (+10% MP)
Potions and wands are less effective at restoring your health.
Your spells are a little easier to cast, but a little less powerful.


Message History

You draw a card...
It is the Pentagram.
The acid blob spits acid at you. The splash of acid hits you! You resist.
You are splashed with acid!
The acid burns!
You resist. The acid blob hits you!! The acid corrodes you!
You are splashed with acid!
The acid burns!
You resist. The acid blob hits you!
* * * LOW HITPOINT WARNING * * *
You are splashed with acid!
The acid burns!
You resist.
* * * LOW HITPOINT WARNING * * *
A slime creature comes into view.
The wall burns your hell hound!
Your hell hound bites the acid blob.
The acid corrodes your hell hound!
Your hell hound is burned by acid!
The acid blob spits acid at your hell hound.
The splash of acid hits your hell hound.
Your hell hound is splashed with acid.
Your hell hound dies!
Your hell hound's corpse disappears in a puff of smoke!
The acid blob hits you!!
You die...
Your body disappears without a glow.

# ....#..## .##.#
#.......## ......
##........#
......##....#.....
..................
................#.
.................
........@.J....#.
.###...}JJ......
#.<....ยง...J>
#....4..#.....
.........##.....
##.....#### ....
#.....## ...
#..... .J. ##.#..


You could see 2 acid blobs, 2 slime creatures and a red devil.

Vanquished Creatures
  2 hill giants
  Pikel (D:5)
  A necromancer (Lair:2)
  A shining eye (Slime:1)
  A cyclops (D:9)
  3 black mambas
  7 elephants
  10 spiny frogs
  5 komodo dragons
  A rime drake (Lair:4)
  2 trolls (D:9)
  A two-headed ogre (D:8)
  A polar bear (D:9)
  3 slime creatures (Slime:1)
  2 hornets
  5 dream sheep (Lair:5)
  4 hippogriffs
  7 blink frogs
  16 yaks
  3 wyverns
  A basilisk (Lair:3)
  2 soldier ants (D:10)
  8 porcupines
  The ghost of Magnus the Gusty, an amateur TeAE (Sewer)
  Duvessa (D:6)
  4 water moccasins
  3 sky beasts
  3 necrophages
  An orc warrior (D:8)
  A slave (D:5)
  2 ice beasts (D:9)
  4 ogres
  A wolf (D:9)
  3 centaurs
  7 crocodiles
  3 big kobolds
  11 bullfrogs
  Dowan (D:6)
  4 scorpions
  3 killer bees (D:9)
  3 wights (D:9)
  7 electric eels
  2 howler monkeys (D:9)
  A bullfrog zombie (D:5)
  5 crimson imps
  4 jellies
  5 hounds
  5 orc wizards
  An orc priest (D:8)
  A bullfrog skeleton (D:11)
  2 centaur skeletons
  2 iguanas
  Terence (D:3)
  12 worker ants
  4 polar bear simulacra (Lair:2)
  2 yak simulacra (Lair:2)
  3 wolf simulacra (Lair:2)
  A hound skeleton (D:8)
  3 worker ant zombies
  6 gnolls
  7 adders
  A river rat (Sewer)
  A shadow imp (D:11)
  5 white imps
  2 ufetubi (D:9)
  7 oozes
  An adder skeleton (D:8)
  2 adder zombies
  6 worms
  2 dart slugs (D:1)
  An adder simulacrum (D:9)
  3 leopard geckos
  19 orcs
  15 giant cockroaches
  8 goblins
  10 hobgoblins
  6 jackals
  21 kobolds
  2 quokkas
  2 ball pythons
  8 bats
  6 frilled lizards
  A jackal skeleton (D:5)
  A jackal zombie (D:6)
  A leopard gecko simulacrum (D:9)
  A quokka skeleton (D:4)
  A quokka zombie (D:5)
  14 rats
  2 river rat simulacra (Lair:2)
366 creatures vanquished.

Vanquished Creatures (collateral kills)
  A spiny frog (Lair:5)
1 creature vanquished.

Vanquished Creatures (others)
  A crocodile (Lair:2)
  2 jackals (D:5)
  A plant (D:9)
4 creatures vanquished.

Grand Total: 371 creatures vanquished

Notes
Turn   | Place    | Note
-------+----------+-------------------------------------------
     0 | D:1      | Kosschaser the Troll Monk began the quest for the Orb.
     0 | D:1      | Reached XP level 1. HP: 22/22 MP: 0/0
    87 | D:1      | Reached XP level 2. HP: 23/29 MP: 1/1
   629 | D:1      | Reached XP level 3. HP: 34/36 MP: 2/2
   806 | D:2      | Upgraded the game from 0.19.4-10-g532645f to 0.19.4-12-gccf7e64
  1041 | D:2      | Reached XP level 4. HP: 43/44 MP: 3/3
  1177 | D:2      | Reached skill level 4 in Unarmed Combat
  1400 | D:3      | Noticed Terence
  1412 | D:3      | Killed Terence
  1892 | D:3      | Reached XP level 5. HP: 42/52 MP: 4/4
  1900 | D:3      | Found a glowing drain.
  1921 | Sewer    | Entered a sewer
  2141 | Sewer    | Noticed Magnus's ghost (amateur TeAE)
  2286 | Sewer    | Killed Magnus's ghost
  2286 | Sewer    | Reached skill level 5 in Unarmed Combat
  2286 | Sewer    | Reached XP level 6. HP: 52/61 MP: 5/5
  2958 | D:4      | Found Sofyodefu's Antique Armour Boutique.
  2979 | D:4      | Reached skill level 6 in Unarmed Combat
  3049 | D:4      | Reached XP level 7. HP: 67/67 MP: 6/6
  3101 | D:4      | Found Qoodus's General Store.
  3128 | D:4      | Found Byruurakhla's Weapon Shop.
  3319 | D:4      | Found Namus's Armour Emporium.
  3485 | D:5      | Entered Level 5 of the Dungeon
  3565 | D:5      | Found a staircase to the Ecumenical Temple.
  3613 | Temple   | Entered the Ecumenical Temple
  3817 | D:5      | Reached skill level 7 in Unarmed Combat
  3831 | D:5      | Found Buem's Food Boutique.
  4013 | D:5      | Noticed Pikel
  4553 | D:5      | Killed Pikel
  4553 | D:5      | Reached skill level 1 in Throwing
  4553 | D:5      | Reached skill level 8 in Unarmed Combat
  4553 | D:5      | Reached XP level 8. HP: 65/78 MP: 7/7
  4880 | D:6      | Reached skill level 9 in Unarmed Combat
  4882 | D:6      | Noticed Duvessa
  4885 | D:6      | Noticed Dowan
  4886 | D:6      | Found a burning altar of Makhleb.
  4891 | D:6      | Killed Duvessa
  4900 | D:6      | Killed Dowan
  5287 | D:7      | Reached XP level 9. HP: 59/84 MP: 8/8
  5410 | D:4      | Bought an embroidered cloak for 315 gold pieces
  5523 | D:7      | Found Kok Elui's Antique Weapon Shop.
  5628 | D:7      | Reached skill level 10 in Unarmed Combat
  5930 | D:7      | Reached skill level 5 in Dodging
  6028 | D:8      | Gained mutation: You are agile. (Dex +2) [mutagenic meat]
  6029 | D:8      | Gained mutation: Potions and wands are less effective at restoring your health. [mutagenic meat]
  6030 | D:8      | Gained mutation: Your spells are a little easier to cast, but a little less powerful. [mutagenic meat]
  6031 | D:8      | Gained mutation: You have a pair of small horns on your head. [mutagenic meat]
  6033 | D:8      | Gained mutation: You have an increased reservoir of magic. (+10% MP) [mutagenic meat]
  6149 | D:8      | Reached skill level 11 in Unarmed Combat
  6636 | D:8      | You fall through a shaft for 3 floors!
  6640 | D:11     | Reached XP level 10. HP: 93/93 MP: 10/10
  6652 | D:11     | Noticed a hill giant
  6658 | D:11     | Killed a hill giant
  6798 | D:11     | Noticed a hill giant
  6810 | D:10     | Entered Level 10 of the Dungeon
  6852 | D:10     | Paralysed by a hornet for 2 turns
  6856 | D:10     | Reached skill level 12 in Unarmed Combat
  7114 | D:10     | Found Biakaymm's Weapon Emporium.
  7270 | D:10     | Noticed a hill giant
  7276 | D:10     | Killed a hill giant
  7475 | D:9      | Noticed a cyclops
  7496 | D:9      | Killed a cyclops
  7726 | D:9      | Found an ancient bone altar of Kikubaaqudgha.
  7726 | D:9      | Found a shimmering altar of Xom.
  7726 | D:9      | Found a stormy altar of Qazlal.
  7752 | D:9      | Reached skill level 1 in Evocations
  7764 | D:9      | Reached skill level 13 in Unarmed Combat
  7805 | D:9      | Reached skill level 5 in Fighting
  7891 | D:9      | Found a staircase to the Lair.
  8065 | D:9      | Reached XP level 11. HP: 77/101 MP: 12/12
  8136 | D:9      | Reached skill level 1 in Armour
  8246 | D:9      | Found a bloodstained altar of Trog.
  8246 | D:9      | Found a sacrificial altar of Ru.
  8369 | Temple   | Became a worshipper of Nemelex Xobeh the Trickster
  8369 | Temple   | Received a gift from Nemelex Xobeh
  8369 | Temple   | Reached * piety under Nemelex Xobeh
  8369 | Temple   | Received a gift from Nemelex Xobeh
  8369 | Temple   | Reached ** piety under Nemelex Xobeh
  8497 | D:8      | Received a gift from Nemelex Xobeh
  9014 | Lair:1   | Entered Level 1 of the Lair of Beasts
 10143 | Lair:2   | Received a gift from Nemelex Xobeh
 10193 | Lair:2   | Reached *** piety under Nemelex Xobeh
 10437 | Lair:2   | Noticed a necromancer
 10449 | Lair:2   | Killed a necromancer
 10449 | Lair:2   | Reached skill level 14 in Unarmed Combat
 10837 | Lair:3   | Received a gift from Nemelex Xobeh
 10965 | Lair:3   | Reached skill level 1 in Invocations
 10994 | Lair:3   | Identified a scroll of acquirement
 11433 | Lair:4   | Gained mutation: Scrolls take you a little longer to read. [potion of mutation]
 11484 | Lair:4   | Reached XP level 12. HP: 111/111 MP: 13/13
 11886 | Lair:4   | Reached skill level 15 in Unarmed Combat
 11904 | Lair:4   | Reached **** piety under Nemelex Xobeh
 11938 | Lair:4   | Found a staircase to the Shoals.
 11940 | Lair:4   | Found a staircase to the Snake Pit.
 12185 | Lair:5   | Received a gift from Nemelex Xobeh
 12267 | Lair:5   | Found a staircase to the Slime Pits.
 13188 | Slime:1  | Entered Level 1 of the Pits of Slime
 13190 | Slime:1  | Received a gift from Nemelex Xobeh
 13201 | Slime:1  | Noticed an acid blob
 13204 | Slime:1  | Noticed an acid blob
 13210 | Slime:1  | Mangled by an acid blob

Skill      XL: |  1  2  3  4  5  6  7  8  9 10 11 12 |
---------------+-------------------------------------+-----
Unarmed Combat | 4 5 6 8 9 11 13 14 15 | 15.8
Dodging        | 3 4 5 6 7 |  7.1
Fighting       | 3 4 5 |  5.8
Stealth        | 2 3 4 |  4.2
Throwing       | 1 2 3 |  3.2
Evocations     | 1 2 |  2.9
Armour         | 3 4 |  4.7
Invocations    | 1 |  1.1

Action                   |  1- 3 |  4- 6 |  7- 9 | 10-12 || total
-------------------------+-------+-------+-------+-------++-------
Melee: Unarmed           |   104 |   197 |   288 |   450 ||  1039
       Punch             |     1 |     6 |     8 |    33 ||    48
       Headbutt          |       |       |    15 |    98 ||   113
Throw: Stone             |    20 |     9 |    45 |       ||    74
       Large rock        |       |       |       |    20 ||    20
 Abil: Evoke Berserk Rag |       |       |       |     2 ||     2
Evoke: Wand              |       |       |     1 |       ||     1
       Rod               |       |       |       |    19 ||    19
       Deck              |       |       |       |     9 ||     9
  Use: Scroll            |       |     6 |     1 |    18 ||    25
       Potion            |       |       |       |     3 ||     3
 Stab: Sleeping          |     4 |     5 |     4 |     7 ||    20
       Distracted        |       |       |       |     2 ||     2
  Eat: Chunk             |    11 |    23 |    35 |    66 ||   135
Armor: Robe              |    30 |    61 |    67 |    13 ||   171
       Troll leather arm |       |       |       |    96 ||    96
Dodge: Dodged            |    49 |    92 |   170 |   234 ||   545
